 Dungeon Crawl Stone Soup version 0.28.0-53-g5a82cb258f (webtiles) character file.

Game seed: 15078343016842114885

48 Atelerd the Sneak (level 3, -4/21 HPs)
             Began as an Octopode Earth Elementalist on June 7, 2022.
             Slain by Pikel
             ... wielding a +2 whip of freezing
              (9 damage)
             ... on level 4 of the Dungeon.
             The game lasted 00:04:10 (3037 turns).

Atelerd the Sneak (Octopode Earth Elementalist)     Turns: 3037, Time: 00:04:11

Health: -4/21      AC:  1    Str:  7    XL:     3   Next: 72%
Magic:  6/6        EV: 13    Int: 19    God:
Gold:   100        SH:  0    Dex: 12    Spells: 6/7 levels left

rFire   . . .      SeeInvis .   f - +2 short sword (flame)
rCold   . . .      Faith    .   (no shield)
rNeg    . . .      Spirit   .   (helmet restricted)
rPois   .          Reflect  .   k - amulet of regeneration
rElec   .          Harm     .   (no ring)
rCorr   .          Rampage  .   (no ring)
Will    .....                   (no ring)
Stlth   +++.......              (no ring)
HPRegen 0.87/turn               (no ring)
MPRegen 0.10/turn               (no ring)
                                (no ring)
                                (no ring)

@: no status effects
A: almost no armour, amphibious, 8 rings, camouflage 1, gelatinous body 1,
(nimble swimmer 1), tentacles
a: no special abilities


You were on level 4 of the Dungeon.
You visited 1 branch of the dungeon, and saw 5 of its levels.

You collected 100 gold pieces.

Inventory:

Hand Weapons
 e - a +0 dagger
 f - a +2 short sword of flaming (weapon)
Missiles
 b - 9 stones
Jewellery
 k - an amulet of regeneration (around mantle)
Wands
 g - a wand of mindburst (18)
Scrolls
 d - a scroll of teleportation
 h - a scroll of identify {unknown}
 i - a scroll of silence {unknown}
Potions
 a - a potion of brilliance {unknown}
 c - 2 potions of ambrosia {unknown}
 j - a potion of flight {unknown}


   Skills:
 + Level 0.4 Short Blades
 - Level 2.1 Dodging
 + Level 3.7 Stealth
 + Level 2.6 Spellcasting
 * Level 1.2 Transmutations
 + Level 3.4 Earth Magic


You had 6 spell levels left.
You knew the following spells:

 Your Spells              Type           Power      Damage    Failure   Level
a - Sandblast             Erth           30%        2d9       4%          1

Your spell library contained the following spells:

 Spells                   Type           Power      Damage    Failure   Level
 Passwall                 Tmut/Erth      9%         N/A       10%         2
 Summon Small Mammal      Summ           8%         N/A       16%         1
 Stone Arrow              Conj/Erth      16%        3d8       24%         3
 Call Canine Familiar     Summ           2%         N/A       43%         3
 Summon Guardian Golem    Hex/Summ       2%         N/A       43%         3
 Petrify                  Tmut/Erth      11%        N/A       52%         4


Dungeon Overview and Level Annotations

Branches:
Dungeon (5/15)
 Temple: D:4-7

Altars:
Elyvilon

Shops:
D:2 (::

Annotations:
D:1 exclusion: downstairs
D:2 exclusion: downstairs
D:3 Sigmund
D:4 Pikel


Innate Abilities, Weirdness & Mutations

You cannot wear most types of armour.
You are amphibious.
You can wear up to eight rings at the same time.
Your skin changes colour to match your surroundings (Stealth+).
Your rubbery body absorbs attacks. (AC +1, EV +1)
((You are camouflaged when in or above water. (Stealth+)))
You have tentacles for arms and can constrict up to eight enemies at once.


Message History

Confirm with . or Enter, or press ? or * to list all spells.
You don't know that spell.
You're too inexperienced to learn that spell!
(D) Dungeon
Where to? (Enter - D:3, ? - help)
What level of the Dungeon? (default 1, ? - help)
There is a stone staircase leading down here.
You climb downwards.
You hear the hiss of flowing sand.
There is an entrance to an ossuary on this level.
Hurry and find it before the portal is buried!
There is a stone staircase leading up here.
As you read the scroll labelled BASUDI URENUR, it crumbles to dust.
You feel strangely unstable.
It was a scroll of teleportation.
You can't see any susceptible monsters within range! (Use Z to cast anyway.)
Your surroundings suddenly seem different.
Pikel and 4 lemures come into view.
Pikel is wielding a +2 whip of freezing.
The blast of sand hits the lemure.
The lemure is lightly wounded.
The lemure shouts! x3
Pikel hits you with a +2 whip of freezing.
Pikel freezes you.
Pikel hits you with a +2 whip of freezing!
Pikel freezes you.
Found a stone staircase leading down.
Pikel barely misses you.
There is a stone staircase leading down here.
The lemure hits you!
You climb downwards.
The water moccasin hisses angrily.
Found 15 stones and 15 arrows.
Found a stone staircase leading down.
There is a stone staircase leading up here.
Magic restored.
The lemure hits you.
You climb upwards.
You hear the hiss of flowing sand.
There is an entrance to an ossuary on this level.
Hurry and find it before the portal is buried!
Level annotation: Pikel The lemure hits you.
* * * LOW HITPOINT WARNING * * *
Pikel hits you with a +2 whip of freezing!
You die...

#...#
#..#
#..##
#...##
##...##
##...##
#5...####
#55......
#@K......
#.5......
..####...
.### ...
.# .. .#
.# .#


You could see Pikel and 4 lemures.

Vanquished Creatures
  A gnoll (D:2)
  A worm (D:2)
  A dart slug (D:2)
  2 orcs
  6 endoplasms
  2 giant cockroaches (D:2)
  A goblin (D:2)
  4 hobgoblins
  2 ball pythons
  2 bats
  3 frilled lizards
  5 kobolds
  A rat (D:3)
31 creatures vanquished.

Notes
Turn   | Place    | Note
-------+----------+-------------------------------------------
     0 | D:1      | Atelerd the Octopode Earth Elementalist began the quest for
                  | the Orb.
     0 | D:1      | Reached XP level 1. HP: 11/11 MP: 3/3
   745 | D:1      | Found a faded altar of an unknown god.
  1466 | D:2      | Found Ofehikem's Book Shop.
  1480 | D:2      | Reached XP level 2. HP: 17/17 MP: 5/5
  1599 | D:2      | Found a white marble altar of Elyvilon.
  1619 | D:2      | Noticed an ogre
  1943 | D:2      | Found Azulluc's Weapon Shop.
  1982 | D:2      | Reached XP level 3. HP: 21/21 MP: 2/6
  2282 | D:2      | Found Cyxafili's Book Shoppe.
  2996 | D:3      | Noticed Sigmund
  3026 | D:4      | Noticed Pikel
  3026 | D:4      | Noticed a lemure
  3026 | D:4      | Noticed a lemure
  3026 | D:4      | Noticed a lemure
  3026 | D:4      | Noticed a lemure
  3035 | D:5      | Entered Level 5 of the Dungeon
  3035 | D:5      | Noticed a phantom
  3035 | D:5      | Noticed a water moccasin
  3037 | D:4      | Slain by Pikel

Illustrated notes

Levels and vault maps discovered:
D:1:      elethiomel_arrival_infinity_welcomes_careful_drivers, layout_rooms,
          serial_co_window_serial, co_window_paths_a, co_window_cross_1,
          co_window_paths_b, co_window_paths_a, co_window_paths_a,
          co_window_corner_b, co_window_cross_4, co_window_broadway_b,
          co_window_broadway_c, co_window_paths_e, glass_columns_a,
          glass_columns_c, nicolae_ecumenical_lake_church
D:2:      layout_basic, basic_altar, serial_shops, shop,
          nicolae_shop_waterfront, shop
D:3:      layout_basic, uniq_robin, uniq_sigmund
D:4:      layout_layer_cave, nicolae_ossuary_entry_catacombs, serial_undead,
          serial_undead_b, serial_undead_e, serial_undead_e, serial_undead_f,
          uniq_blork_the_orc, uniq_pikel
D:5:      layout_rooms, minmay_temple_entry_gardened_gates, minmay_checkerbox

Skill      XL: |  1 |
---------------+----+-----
Stealth        | 3 |  3.7
Short Blades   | |  0.4
Dodging        | |  2.1
Spellcasting   | |  2.6
Transmutations | |  1.2
Earth Magic    | |  3.4

Action                   || total
-------------------------++-------
Melee: Unarmed           ||     7
       Tentacles         ||     9
       Dagger            ||     3
       Constrict         ||     5
       Short sword       ||    28
 Cast: Sandblast         ||    21
  Use: Scroll            ||     1
 Stab: Sleeping          ||    11
Armor: Skin              ||     1
Dodge: Dodged            ||    17
